 Dungeon Crawl Stone Soup version 0.15.2 (webtiles) character file.

179 Aargh the Ruffian (level 5, -4/45 HPs)
             Began as a Hill Orc Wanderer on Nov 16, 2014.
             Killed from afar by an orc wizard (7 damage)
             ... with a magic dart
             ... on Level 3 of the Dungeon.
             The game lasted 00:33:27 (4493 turns).

Aargh the Ruffian (Hill Orc Wanderer)               Turns: 4493, Time: 00:33:27

HP  -4/45        AC  2     Str 14      XL: 5   Next: 59%
MP   5/5         EV 12     Int 12      God:
Gold 278         SH  0     Dex 12      Spells:  0 memorised,  4 levels left

rFire  . . .     SeeInvis .     v - +0 cutlass
rCold  . . .     Clarity  .     e - +0 robe
rNeg   . . .     rCorr    .     (no shield)
rPois  .         rRot     .     (no helmet)
rElec  .         Spirit   .     (no cloak)
SustAb .         Warding  .     (no gloves)
rMut   .         Stasis   .     (no boots)
Gourm  .                        (no amulet)
MR     .....                    (no ring)
                                (no ring)

@: lethally poisoned, not resistant to hostile enchantments, unstealthy
A: spit poison 1
a: Spit Poison


You were on level 3 of the Dungeon.
You were not hungry.

You visited 1 branch of the dungeon, and saw 4 of its levels.

You collected 278 gold pieces.


Innate Abilities, Weirdness & Mutations

You can spit poison.


   Skills:
 + Level 3.4 Fighting
 + Level 1.7 Short Blades
   Level 1.0 Staves
 + Level 2.1 Dodging
 + Level 3.3 Stealth
   Level 1.1 Shields
 + Level 3.4 Unarmed Combat


You had 4 spell levels left.
You didn't know any spells.

Dungeon Overview and Level Annotations

Branches:
Dungeon (4/15)
 Temple: D:4-7

Altars:
Cheibriados
Okawaru

Inventory:

Hand weapons
 a - a +2 dagger
 g - a +0 mace of holy wrath
   (You found it on level 1 of the Dungeon)
 i - a cursed +0 falchion
   (You took it off an orc priest on level 3 of the Dungeon)
 l - a +0 dagger
   (You took it off a kobold on level 1 of the Dungeon)
 q - a +0 short sword
   (You took it off a kobold on level 1 of the Dungeon)
 u - a +0 hand axe
   (You took it off a hobgoblin on level 1 of the Dungeon)
 v - a +0 cutlass (weapon)
   (You found it on level 3 of the Dungeon)
 C - a +0 hand axe
   (You found it on level 3 of the Dungeon)
Missiles
 h - 21 stones
 p - 14 bolts
 w - 9 tomahawks (quivered)
 B - 11 poisoned sling bullets
 E - 7 sling bullets
Armour
 e - a +0 robe (worn)
 s - a +0 chain mail
   (You found it on level 1 of the Dungeon)
Magical devices
 j - a wand of digging (8) {unknown}
   (You found it on level 3 of the Dungeon)
Comestibles
 f - 2 meat rations
 m - a rotting chunk of hobgoblin flesh
 n - 2 royal jellies {restore abilities}
 z - 3 bread rations
Scrolls
 c - a scroll of teleportation
Jewellery
 k - an uncursed ring of protection from cold {unknown}
   (You found it on level 4 of the Dungeon)
 x - an uncursed ring of regeneration {unknown}
   (You found it on level 3 of the Dungeon)
 y - an uncursed ring of protection from fire {unknown}
   (You found it on level 3 of the Dungeon)
Potions
 b - 2 potions of heal wounds
 d - a potion of lignification {!q}
 o - a potion of might
 t - a potion of resistance {unknown}
 A - a potion of restore abilities

# #.##.# #...#.#...# #.##.#
##...#....# #.##<# #........#
#.##.# #...####.# ###.##.# #...#
#.# #......######...####.#
###.#.#####............#
##.#.#.#####.###...######
..#............S@.....##
##.#.######....o...###.### ###.#
#........# #...# ## ##.##
#...##<#.###b#.# #. ##...##
##...##.##...##.## #.
#.....###........##.##...######.
#......................#........
#.....###..###.#.##...>..##.....
##...## #..# #.#.##...#.###.#...


You could see an orc wizard and an adder.

Action                   |  1- 3 |  4- 6 || total
-------------------------+-------+-------++-------
Melee: Dagger            |   177 |       ||   177
       Unarmed           |     8 |       ||     8
       Cutlass           |     5 |   158 ||   163
Throw: Stone             |     5 |       ||     5
       Tomahawk          |    20 |     6 ||    26
  Use: Scroll            |     3 |     2 ||     5
       Potion            |       |     8 ||     8
 Stab: Sleeping          |     1 |     7 ||     8
       Distracted        |       |     1 ||     1
  Eat: Chunk             |     5 |     4 ||     9
       Beef jerky        |       |     2 ||     2

Vault maps used:
D:1:      dpeg_arrival_erosion, minmay_misc_feat_four_crosses, glass_columns_b,
          minivault_4
D:2:      cheibriados_altar_1, kennysheep_path_1
D:3:      okawaru_metal_pillars_3
D:4:      enter_ossuary_5, minmay_snake_closets, uniq_edmund

Notes
Turn   | Place    | Note
--------------------------------------------------------------
     0 | D:1      | Aargh, the Hill Orc Wanderer, began the quest for the Orb.
     0 | D:1      | Reached XP level 1. HP: 18/18 MP: 1/1
    76 | D:1      | HP: 4/18 [hobgoblin (3)]
   522 | D:1      | Reached XP level 2. HP: 25/25 MP: 2/2
  1259 | D:1      | Reached XP level 3. HP: 30/30 MP: 3/3
  2260 | D:2      | Found a snail-covered altar of Cheibriados.
  2482 | D:3      | Reached skill level 3 in Fighting
  2482 | D:3      | Reached skill level 1 in Short Blades
  2482 | D:3      | Reached skill level 3 in Stealth
  2482 | D:3      | Reached skill level 3 in Unarmed Combat
  2482 | D:3      | Reached XP level 4. HP: 35/38 MP: 4/4
  2746 | D:3      | HP: 9/38 [gnoll (9)]
  3152 | D:4      | Reached XP level 5. HP: 45/45 MP: 5/5
  3345 | D:3      | Found an iron altar of Okawaru.
  3365 | D:2      | Reached skill level 2 in Dodging
  3626 | D:3      | Gained mutation: You can spit poison. [potion of beneficial mutation]
  3800 | D:3      | HP: 9/45 [gnoll (4)]
  4285 | D:4      | Noticed an ogre
  4481 | D:3      | HP: 11/45 [orc wizard/dagger (1)]
  4483 | D:3      | HP: 5/45 [adder (3)]
  4492 | D:3      | HP: 4/45 [orc wizard/puff of flame (8)]
  4493 | D:3      | Killed from afar by an orc wizard

Vanquished Creatures
  An orc priest (D:3)
  2 adders (D:3)
  3 gnolls (D:3)
  3 giant mites (D:2 D:3 D:4)
  3 giant geckos (D:1 D:2)
  An ooze (D:3)
  4 orcs (D:3 D:4)
  6 giant cockroaches (D:1 D:3 D:2)
  10 hobgoblins (D:1 D:2 D:4)
  7 jackals (D:1)
  2 ball pythons (D:3 D:4)
  11 bats (D:1 D:2 D:3)
  4 giant newts (D:1 D:2 D:3)
  3 goblins (D:1 D:2)
  A goblin skeleton (D:4)
  7 kobolds (D:1 D:2 D:3)
  A kobold skeleton (D:4)
  9 rats (D:1 D:2 D:4 D:3)
78 creatures vanquished.

Vault maps used:
D:1:      dpeg_arrival_erosion, minmay_misc_feat_four_crosses, glass_columns_b,
          minivault_4
D:2:      cheibriados_altar_1, kennysheep_path_1
D:3:      okawaru_metal_pillars_3
D:4:      enter_ossuary_5, minmay_snake_closets, uniq_edmund

Table legend:
 A = Turns spent in this place as a percentage of turns spent in the entire game.
 B = Non-inter-level travel turns spent in this place as a percentage of non-inter-level travel turns spent in the entire game.
 C = Inter-level travel turns spent in this place as a percentage of turns spent in this place.
 D = Turns resting spent in this place as a percentage of non-inter-level travel turns spent in this place.
 E = Turns spent auto-exploring this place as a percentage of non-inter-level travel turns spent in this place.
 F = Non-inter-level travel turns spent in this place divided by the number of levels of this place that you've seen.
                   A       B       C       D       E      F
               +-------+-------+-------+-------+-------+----------------------
         Total | 100.0 | 100.0 |   0.0 |   4.1 |   3.0 | 392.5
       Dungeon | 100.0 | 100.0 |   0.0 |   4.1 |   3.0 | 392.5
               +-------+-------+-------+-------+-------+----------------------

Table legend:
 A = Kills in this place as a percentage of kills in entire the game.
 B = Kills by you in this place as a percentage of kills by you in the entire game.
 C = Kills by friends in this place as a percentage of kills by friends in the entire game.
 D = Other kills in this place as a percentage of other kills in the entire game.
 E = Experience gained in this place as a percentage of experience gained in the entire game.
 F = Experience gained in this place divided by the number of levels of this place that you have seen.
                   A       B       C       D       E      F
               +-------+-------+-------+-------+-------+----------------------
         Total | 100.0 | 100.0 |  -nan |  -nan | 100.0 |  64.2
       Dungeon | 100.0 | 100.0 |  -nan |  -nan | 100.0 |  64.2
               +-------+-------+-------+-------+-------+----------------------
